 Dungeon Crawl Stone Soup version 0.19-a0-1697-g0595f0e (webtiles) character file.

120375 Psiweapon the Warrior (level 16, -12/140 HPs)
             Began as a Hill Orc Fighter on Sept 26, 2016.
             Was a High Priest of Qazlal.
             Shot with an arrow by a naga sharpshooter (19 damage)
             ... on level 2 of the Snake Pit on Sept 27, 2016.
             The game lasted 02:46:22 (32475 turns).

Psiweapon the Warrior (Hill Orc Fighter)           Turns: 32475, Time: 02:46:23

Health: -12/140    AC: 28    Str: 29    XL:     16   Next: 82%
Magic:  24/24      EV: 15    Int:  9    God:    Qazlal [*****.]
Gold:   270        SH:  7    Dex: 10    Spells: 0 memorised, 15 levels left

rFire  + + .     SeeInvis .     I - +3 lajatang (vamp)
rCold  + + .     Gourm    +     W - +4 ring mail "Kylustor" {rF+ MR+}
rNeg   . . .     Faith    .     (shield currently unavailable)
rPois  +         Spirit   .     n - +2 helmet
rElec  .         Dismiss  .     Y - +0 cloak of the Sturgeon {rPois rF+ rC+}
rCorr  .         Reflect  .     v - +2 pair of gloves
MR     +++..     Harm     .     G - +0 pair of boots
Stlth  ..........               h - amulet of the gourmand
                                R - ring of Sume {MR+ EV+2 Str+4}
                                N - ring of protection from cold

@: lethally poisoned (-12 -> -15), about to teleport, protected from physical
damage, repel missiles
A: rugged brown scales 1, slimy green scales 1, blurry vision 1, frail 1
a: Upheaval, Elemental Force, Disaster Area, Renounce Religion


You were on level 2 of the Snake Pit.
You worshipped Qazlal.
Qazlal was extremely pleased with you.
You were not hungry.

You visited 5 branches of the dungeon, and saw 26 of its levels.
You visited 2 bazaars.

You collected 2884 gold pieces.
You spent 2614 gold pieces at shops.

Inventory:

Hand Weapons
 a - a +5 battleaxe of electrocution
 b - a +2 long sword of holy wrath
 c - a +3 scimitar of flaming
 I - a +3 vampiric lajatang (weapon)
Missiles
 i - 4 throwing nets
 q - 7 poisoned javelins (quivered)
 w - 37 tomahawks
Armour
 n - a +2 helmet (worn)
 v - a +2 pair of gloves (worn)
 G - a +0 pair of boots (worn)
 W - the +4 ring mail "Kylustor" (worn) {rF+ MR+}
   (You found it on level 6 of the Dungeon)

   It protects you from fire.
   It affects your resistance to hostile enchantments.
 Y - the +0 cloak of the Sturgeon (worn) {rPois rF+ rC+}
   (You found it on level 8 of the Dungeon)

   It protects you from fire.
   It protects you from cold.
   It protects you from poison.
Magical Staves
 E - an uncursed staff of air
Jewellery
 h - an amulet of the gourmand (around neck)
 l - an uncursed amulet of rage
 m - an uncursed ring of magical power
 x - an uncursed amulet of magic regeneration
 y - an uncursed ring of protection from cold
 B - an uncursed ring of see invisible
 K - an uncursed ring of flight
 L - an uncursed ring of fire
 N - a ring of protection from cold (left hand)
 R - the ring of Sume (right hand) {MR+ EV+2 Str+4}
   (You bought it in a shop in a bazaar)

   [ring of evasion]

   It affects your evasion (+2).
   It affects your strength (+4).
   It affects your resistance to hostile enchantments.
 V - an uncursed ring of resist corrosion
Wands
 d - a wand of confusion (18/48)
 C - a wand of slowing (34/48)
 S - a wand of iceblast (3/15)
 T - a wand of teleportation (0/9)
 X - a wand of hasting (5/9)
Scrolls
 g - 12 scrolls of remove curse
 j - a scroll of identify
 p - 9 scrolls of teleportation
 r - a scroll of blinking
 s - 3 scrolls of silence
 z - 3 scrolls of magic mapping
 J - 2 scrolls of fog
 O - 5 scrolls of recharging
 U - 4 scrolls of immolation
Potions
 e - 3 potions of haste {unknown}
 k - 3 potions of invisibility {unknown}
 o - 9 potions of flight
 t - a potion of heal wounds
 u - 3 potions of resistance
 A - 5 potions of brilliance
 F - a potion of agility
 M - 9 potions of curing
 Q - 4 potions of magic
Miscellaneous
 D - a disc of storms
Comestibles
 f - 16 bread rations
 H - 15 fruits
 P - 5 royal jellies
 Z - 11 meat rations


   Skills:
 - Level 15.8 Fighting
 - Level 9.2 Long Blades
 - Level 15.7 Axes
 + Level 6.9 Staves
   Level 5.0(5.8) Slings
   Level 0.3 Crossbows
 - Level 4.4(5.5) Throwing
 - Level 11.4 Armour
 - Level 6.0 Dodging
   Level 7.5 Shields
 - Level 11.2 Invocations
 + Level 11.2 Evocations


You had 15 spell levels left.
You didn't know any spells.

Dungeon Overview and Level Annotations

Branches:
Dungeon (15/15)            Temple (1/1) D:5            Lair (6/6) D:9
 Shoals (0/4) Lair:2        Snake (2/4) Lair:3        Slime (0/5) Lair:6
    Orc (2/2) D:12            Elf (0/3) Orc:2        Vaults (0/5) D:14
 Depths: D:15

Altars:
Ashenzari
Cheibriados
Dithmenos
Elyvilon
Fedhas
Gozag
Hepliaklqana
Kikubaaqudgha
Makhleb
Nemelex Xobeh
Okawaru
Qazlal
Ru
Sif Muna
Trog
Uskayaw
Vehumet
Xom
Yredelemnul
Zin
The Shining One
Beogh
Jiyva

Shops:
D:6 }   Orc:1 !   Orc:2 *:?![}(:

Portals:
Trove: D:10 (give 12 potions of heal wounds)

Annotations:
D:12 1 runed door
Lair:1 exclusion: oklob plant
Snake:2 Aizul


Innate Abilities, Weirdness & Mutations

You are partially covered in rugged brown scales. (AC +1, +3% HP)
You are partially covered in slimy green scales. (AC +2)
Scrolls take you a little longer to read.
You are frail. (-10% HP)


Message History

You feel strangely unstable.
This wand has 0 charges left.
You feel sick.
You hear an angry hiss. x2
Aizul hits you but does no damage.
Really read with blurry vision while enemies are nearby? [Y]es or [N]o only, please.
Really read with blurry vision while enemies are nearby? [Y]es or [N]o only, please.
Really read with blurry vision while enemies are nearby? [Y]es or [N]o only, please.
Really read with blurry vision while enemies are nearby?
You feel sick.
The naga sharpshooter shoots an arrow.
The arrow hits you!
* * * LOW HITPOINT WARNING * * *
Aizul hits you but does no damage.
You begin reading the scroll.
You continue reading the scroll.
You feel sick.
You hear an angry hiss.
Aizul casts a spell at you.
The poison arrow is repelled.
The naga sharpshooter shoots an arrow.
The arrow hits you!!
You die...

**,,,,,,,,,,,,,* **,**,,,,,**
**,,,,,,..,,,,*,** ***,,,,,,**
**,,,,,,,...,***..* *,,,,,,,*#
,,,,,,,,,...#,**#.* *,,,..,**#
,,,,,,,,,....#* *.## **....** #
*,,,,,,,,##...##*#.## *...#* #
**,,,,,**#....§.##..#####..<# ##
**,,,,***#....§.§.....#N....####.
,,,****,,.....§S@............#..<
,,*,,,**,.......§%........##.....
,,*,,**,,.....§§§........##..#...
,,*,,*,,,...................###..
,***,,,,,..........###..?..## #(.
***,,***,..........###..>.## #.#
***,,,***.........###......####.#
**,,,,,**#........#*#.......##...
,,,,,,,,*##....).###....#.##...#.


You could see Aizul and a naga sharpshooter.

Vanquished Creatures
  Rupert (Snake:1)
  Agnes (D:14)
  Kirke (Lair:6)
  Roxanne (Snake:1)
  2 orc warlords
  Azrael (Snake:1)
  A fire dragon (Lair:6)
  Snorg (Lair:6)
  8 vault guards (D:14)
  Harold (D:12)
  2 naga warriors
  4 hydras
  26 death yaks
  A death knight (D:14)
  2 centaur warriors (D:14)
  3 ogre magi (Orc:2)
  The ghost of slumpy the Basher, a journeyman GrVM of Cheibriados (Orc:1)
  A tengu warrior (D:13)
  Urug (D:14)
  2 shock serpents
  Nergalle (Lair:3)
  3 lindwurms (Lair:6)
  4 orc knights
  5 hill giants
  A mana viper (Snake:2)
  3 cyclopes
  10 deep elf magi
  A manticore (Lair:2)
  9 orc sorcerers
  A salamander (Snake:2)
  A guardian serpent (Snake:1)
  A naga mage (Snake:1)
  13 black mambas
  Joseph (D:8)
  4 molten gargoyles (D:12)
  4 elephants (Lair:2)
  15 spiny frogs
  A gargoyle (D:12)
  12 torpor snails
  8 rime drakes
  A tengu conjurer (D:13)
  9 komodo dragons
  6 trolls
  A hornet zombie (D:13)
  5 tyrant leeches (Lair:6)
  A two-headed ogre (D:14)
  10 hippogriffs
  6 blink frogs
  2 dream sheep (D:8)
  3 wyverns
  3 wraiths
  A human (Lair:6)
  A vampire (D:11)
  4 fire elementals (Snake:1)
  67 yaks
  A hog (Lair:6)
  3 basilisks
  3 steam dragons
  A mottled dragon (D:14)
  2 hungry ghosts
  4 wargs
  9 nagas (Snake:1)
  A swamp worm (Lair:6)
  11 water moccasins
  2 hell hounds (Snake:1)
  9 porcupines
  23 orc warriors
  5 ice beasts
  3 sky beasts
  12 wasps
  2 black bears
  An eye of draining (D:13)
  2 necrophages
  25 ogres
  5 phantoms
  6 wolves
  7 centaurs
  18 crocodiles
  6 big kobolds
  22 bullfrogs
  A water moccasin zombie (D:6)
  A wyvern skeleton (D:6)
  5 scorpions
  The ghost of Psiweapon the Skirmisher, a weakling HOFi (D:3)
  18 killer bees
  A wight (D:7)
  4 electric eels
  6 howler monkeys
  3 bullfrog zombies (D:6)
  13 crimson imps
  6 centaur zombies
  A quasit (D:12)
  A wasp zombie (D:11)
  7 hounds
  35 orc wizards
  17 orc priests
  2 centaur skeletons
  3 jellies
  2 bullfrog skeletons (D:12)
  9 iguanas
  9 hell rats (Lair:1)
  10 worker ants
  A killer bee zombie (D:5)
  4 hound zombies
  A hound skeleton (D:4)
  2 howler monkey zombies
  3 worker ant zombies
  7 gnolls
  13 adders
  104 river rats
  A shadow imp (D:10)
  A white imp (D:5)
  3 oozes
  4 adder zombies
  3 adder skeletons
  A worm (D:5)
  A dart slug (D:2)
  17 leopard geckos
  72 orcs
  5 giant cockroaches
  7 goblins
  9 hobgoblins
  10 jackals
  23 kobolds
  3 quokkas
  A ball python zombie (D:6)
  8 bats
  2 frilled lizards
  A leopard gecko zombie (D:6)
  20 rats
  36 fungi
  11 plants
991 creatures vanquished.

Vanquished Creatures (others)
  A hippogriff (Lair:6)
  A human (Lair:6)
  A bush (Lair:6)
  30 fungi
  33 plants
  14 toadstools (Lair:1)
80 creatures vanquished.

Grand Total: 1071 creatures vanquished

Notes
Turn   | Place    | Note
-------+----------+-------------------------------------------
     0 | D:1      | Psiweapon the Hill Orc Fighter began the quest for the Orb.
     0 | D:1      | Reached XP level 1. HP: 19/19 MP: 1/1
    89 | D:2      | Reached XP level 2. HP: 25/26 MP: 2/2
   337 | D:2      | Reached XP level 3. HP: 31/31 MP: 3/3
   346 | D:2      | Reached skill level 5 in Axes
   779 | D:2      | Reached XP level 4. HP: 39/39 MP: 4/4
   906 | D:3      | Found a faded altar of an unknown god.
  1229 | D:2      | Reached XP level 5. HP: 45/45 MP: 5/5
  1239 | D:2      | Found a blossoming altar of Fedhas.
  1501 | D:3      | Noticed Psiweapon's ghost (weakling HOFi)
  1511 | D:3      | Killed Psiweapon's ghost
  1522 | D:4      | Noticed an ogre
  1538 | D:3      | Reached XP level 6. HP: 25/51 MP: 6/6
  1877 | D:3      | Found an iron altar of Okawaru.
  1993 | D:3      | Found a radiant altar of Vehumet.
  2058 | D:3      | Found a shattered altar of Ashenzari.
  2411 | D:4      | Reached XP level 7. HP: 57/57 MP: 7/7
  2479 | D:4      | Found a glowing golden altar of the Shining One.
  2498 | D:4      | Reached skill level 10 in Axes
  2658 | D:5      | Entered Level 5 of the Dungeon
  2731 | D:5      | Reached skill level 5 in Armour
  2991 | D:4      | Reached XP level 8. HP: 49/64 MP: 8/8
  3120 | D:6      | Found a shadowy altar of Dithmenos.
  3440 | D:5      | Found an opulent altar of Gozag.
  3532 | D:5      | Found a staircase to the Ecumenical Temple.
  3543 | Temple   | Entered the Ecumenical Temple
  3664 | D:5      | Found a sparkling altar of Nemelex Xobeh.
  3693 | D:5      | Found a shadowy altar of Dithmenos.
  3790 | D:5      | Found a stormy altar of Qazlal.
  3798 | D:5      | Became a worshipper of Qazlal Stormbringer
  3910 | D:5      | Found a hazy altar of Hepliaklqana.
  4221 | D:7      | Reached XP level 9. HP: 67/70 MP: 9/9
  4283 | D:8      | Reached skill level 10 in Armour
  4500 | D:6      | Found Caepesit's Quality Used Wands.
  4509 | D:6      | Bought a wand of teleportation (0/9) for 120 gold pieces
  4733 | D:6      | Reached * piety under Qazlal
  4861 | D:6      | Found a deep blue altar of Sif Muna.
  4878 | D:6      | Got a crude ring mail
  4892 | D:6      | Identified the +4 ring mail "Kylustor" {rF+ MR+} (You found it on level 6 of the Dungeon)
  5291 | D:7      | Found a bloodstained altar of Trog.
  5647 | D:7      | Gained mutation: Scrolls take you a little longer to read. [mutagenic meat]
  5650 | D:7      | Gained mutation: You are frail. (-10% HP) [mutagenic meat]
  5653 | D:7      | Gained mutation: You are partially covered in slimy green scales. (AC +2) [mutagenic meat]
  5656 | D:7      | Gained mutation: You are partially covered in rugged brown scales. (AC +1, +3% HP) [mutagenic meat]
  5880 | D:7      | Found Zin's Purification Station.
  5883 | D:7      | Found a glowing silver altar of Zin.
  5886 | D:7      | Bought a potion of curing for 90 gold pieces
  6282 | D:8      | Reached skill level 5 in Invocations
  6519 | D:8      | Found a burning altar of Makhleb.
  6640 | D:8      | Reached XP level 10. HP: 71/71 MP: 15/15
  6676 | D:8      | Got a faintly humming cloak
  6679 | D:8      | Identified the +0 cloak of the Sturgeon {rPois rF+ rC+} (You found it on level 8 of the Dungeon)
  6736 | D:8      | Noticed a two-headed hydra
  6737 | D:8      | Noticed Joseph
  6753 | D:8      | Killed a six-headed hydra
  6764 | D:8      | Killed Joseph
  6764 | D:8      | Reached skill level 10 in Invocations
  7067 | D:8      | Found a snail-covered altar of Cheibriados.
  7462 | D:9      | Reached skill level 1 in Slings
  7501 | D:9      | Reached ** piety under Qazlal
  7535 | D:9      | Reached skill level 5 in Fighting
  7646 | D:10     | Entered Level 10 of the Dungeon
  7996 | D:9      | Reached XP level 11. HP: 78/82 MP: 19/19
  9191 | D:9      | Reached skill level 5 in Slings
  9264 | D:9      | Found a staircase to the Lair.
  9309 | Lair:1   | Entered Level 1 of the Lair of Beasts
  9638 | D:10     | Noticed a hill giant
  9645 | D:10     | Killed a hill giant
  9762 | D:10     | Noticed a hill giant
  9772 | D:10     | Killed a hill giant
  9772 | D:10     | Reached skill level 5 in Shields
 10019 | D:11     | Reached skill level 1 in Dodging
 10392 | D:10     | Found a sacrificial altar of Ru.
 10473 | D:10     | Noticed a hill giant
 10489 | D:10     | Killed a hill giant
 11091 | D:10     | Found a portal to a secret trove of treasure.
 11267 | D:11     | Noticed a cyclops
 11275 | D:11     | Killed a cyclops
 11275 | D:11     | Reached skill level 10 in Fighting
 11390 | D:11     | Reached XP level 12. HP: 87/98 MP: 20/20
 11549 | D:12     | Found a runed door.
 12188 | D:12     | Found a staircase to the Orcish Mines.
 12643 | Lair:1   | Reached skill level 5 in Dodging
 12746 | Lair:1   | HP: 5/105 [poisoned by a spiny frog]
 13315 | Lair:1   | Found a blossoming altar of Fedhas.
 13695 | Lair:1   | Reached *** piety under Qazlal
 14312 | Lair:2   | Reached XP level 13. HP: 103/110 MP: 21/21
 14778 | Lair:2   | Found a staircase to the Shoals.
 14950 | Lair:3   | Reached **** piety under Qazlal
 15304 | Lair:3   | Noticed Nergalle
 15309 | Lair:3   | Killed Nergalle
 15883 | Lair:3   | Found a staircase to the Snake Pit.
 15918 | Lair:3   | Found a snail-covered altar of Cheibriados.
 15944 | Snake:1  | Entered Level 1 of the Snake Pit
 16162 | Snake:1  | Noticed Azrael
 16186 | Snake:1  | Killed Azrael
 16230 | Snake:1  | Reached skill level 15 in Axes
 16522 | Snake:1  | Got an encrusted falchion
 16666 | Snake:1  | Identified the +1 falchion of Recklessness {drain, rPois MR- Int+6} (You found it on level 1 of the Snake Pit)
 17254 | Snake:1  | You fall through a shaft!
 17305 | Snake:2  | Reached skill level 1 in Throwing
 17370 | Snake:1  | Found a gateway to a bazaar.
 17381 | Bazaar   | Entered a bazaar
 17381 | Bazaar   | Found Pecsoso's Assorted Antiques.
 17382 | Bazaar   | Upgraded the game from 0.19-a0-1692-g68728bb to 0.19-a0-1697-g0595f0e
 17389 | Bazaar   | Found Jahor's Assorted Antiques.
 17398 | Bazaar   | Found Nyrij's Book Shoppe.
 17409 | Bazaar   | Found Giruin's Distillery.
 17416 | Bazaar   | Bought a potion of degeneration for 17 gold pieces
 17461 | Bazaar   | Bought a scroll labeled BUNTIZIEFA for 23 gold pieces
 17461 | Bazaar   | Bought a scroll labeled WETTIU INAWIL for 23 gold pieces
 17719 | Bazaar   | Bought a potion of curing for 51 gold pieces
 17746 | Bazaar   | Bought 2 scrolls of enchant weapon for 345 gold pieces
 17746 | Bazaar   | Bought a fizzy blue potion for 20 gold pieces
 17746 | Bazaar   | Bought 2 sedimented purple potions for 41 gold pieces
 17746 | Bazaar   | Bought a potion of curing for 69 gold pieces
 17746 | Bazaar   | Bought a potion of curing for 69 gold pieces
 17756 | Bazaar   | Bought a scroll of remove curse for 75 gold pieces
 17756 | Bazaar   | Bought a scroll of enchant weapon for 187 gold pieces
 17791 | Snake:1  | Noticed Roxanne
 17820 | Snake:1  | Noticed Rupert
 17830 | Snake:1  | Killed Roxanne
 17843 | Snake:1  | HP: 5/165 [Rupert/battleaxe of electrocution (11)]
 17847 | Snake:1  | Killed Rupert
 17847 | Snake:1  | Reached XP level 14. HP: 4/118 MP: 22/22
 19003 | D:13     | Reached skill level 1 in Evocations
 19772 | D:15     | Entered Level 15 of the Dungeon
 19846 | D:14     | Noticed Urug
 19861 | D:14     | Killed Urug
 20266 | D:12     | Reached skill level 1 in Long Blades
 21308 | Lair:4   | Reached skill level 5 in Long Blades
 21573 | Lair:4   | Found an opulent altar of Gozag.
 22410 | Lair:6   | Entered Level 6 of the Lair of Beasts
 22498 | Lair:5   | Got an ancient dagger
 22574 | Lair:5   | Reached XP level 15. HP: 67/126 MP: 23/23
 23453 | Lair:5   | Reached ***** piety under Qazlal
 23548 | Lair:5   | Reached skill level 5 in Evocations
 24076 | Lair:6   | Found a staircase to the Slime Pits.
 24076 | Lair:6   | Found a viscous altar of Jiyva.
 24206 | Lair:6   | Identified a scroll of acquirement
 24217 | Lair:6   | Identified the +6 dagger of Gozag's Hope {elec, rF+} (You found it on level 5 of the Lair of Beasts)
 25071 | Lair:6   | Reached skill level 15 in Fighting
 25130 | Lair:6   | Noticed Kirke
 25141 | Lair:6   | Killed Kirke
 25614 | Lair:6   | Found a runed door.
 25684 | Lair:6   | Noticed Snorg
 25692 | Lair:6   | Killed Snorg
 25967 | Lair:6   | Reached XP level 16. HP: 101/139 MP: 24/24
 26488 | D:13     | Reached skill level 1 in Staves
 27036 | D:14     | Reached ****** piety under Qazlal
 27068 | D:14     | Found a gate to the Vaults.
 27092 | D:14     | Noticed Agnes
 27100 | D:14     | Killed Agnes
 28393 | Orc:1    | Entered Level 1 of the Orcish Mines
 28403 | Orc:1    | Reached skill level 10 in Evocations
 28419 | Orc:1    | Noticed Harold
 28830 | D:12     | Killed Harold
 28850 | Orc:1    | Noticed slumpy's ghost (journeyman GrVM)
 28884 | Orc:1    | Killed slumpy's ghost
 29171 | Orc:1    | Found Vutao's Distillery.
 29179 | Orc:1    | Bought 2 potions of curing for 84 gold pieces
 29179 | Orc:1    | Bought a potion of curing for 42 gold pieces
 29179 | Orc:1    | Bought a potion of brilliance for 56 gold pieces
 29749 | Orc:2    | Entered Level 2 of the Orcish Mines
 29749 | Orc:2    | Found Beme's Book Emporium.
 29763 | Orc:2    | HP: 7/140 [orc priest/divine providence[an orc warlord] (11)]
 30219 | Orc:2    | Found Utonyodae's Magic Scroll Shop.
 30222 | Orc:2    | Bought a scroll of acquirement for 624 gold pieces
 30227 | Orc:2    | Bought a scroll of identify for 24 gold pieces
 30227 | Orc:2    | Bought a scroll of identify for 24 gold pieces
 30248 | Orc:2    | Reached skill level 5 in Staves
 30301 | Orc:2    | Found Yvieguer's General Store.
 30310 | Orc:2    | Bought a scroll of immolation for 52 gold pieces
 30360 | Orc:2    | Found Uclat's Armour Shoppe.
 30366 | Orc:2    | Found a staircase to the Elven Halls.
 30782 | Orc:2    | Found a gateway to a bazaar.
 30791 | Bazaar   | Entered a bazaar
 30818 | Bazaar   | Found Vojer's Jewellery Shoppe.
 30834 | Bazaar   | Found Hadareh's Book Shoppe.
 30898 | Bazaar   | Bought the ring of Sume {MR+ EV+2 Str+4} for 527 gold pieces
 31387 | Orc:2    | Found Avoafa's Antique Weapon Shop.
 31397 | Orc:2    | Found Bodghyplo's Gadget Boutique.
 31420 | Orc:2    | Found an ancient bone altar of Kikubaaqudgha.
 31430 | Orc:2    | Found Towuolan's Distillery.
 31499 | Orc:2    | Found a roughly hewn altar of Beogh.
 31504 | Orc:2    | Found Xaoteoh's Book Boutique.
 31586 | Orc:2    | Bought a potion of curing for 51 gold pieces
 31588 | Orc:2    | Found a radiant altar of Vehumet.
 32459 | Snake:2  | Noticed Aizul
 32474 | Snake:2  | HP: 7/140 [naga sharpshooter/arrow (7)]
 32475 | Snake:2  | Shot with an arrow by a naga sharpshooter

Vault maps used:
D:1:      dpeg_arrival_arbitrary_c
D:2:      marbit_many_paths
D:3:      overflow_temple_1_default, nicolae_overflow_crystal_walls,
          lemuel_coloured_pillars_altar, ecumenical_altar_1
D:4:      old_standard_altar
D:5:      nemelex_xobeh_ov_fountains_minmay, nicolae_qazlal_eye_of_the_storm,
          lemuel_crystal_altar, first_bread, minivault_11,
          minmay_misc_feat_alley, hangedman_feature_mirror,
          minmay_fire_ice_demons
D:6:      old_standard_altar, basic_altar, serial_undead, serial_undead_f,
          serial_undead_e, serial_undead_e, serial_undead_f, serial_undead_a,
          serial_undead_f, serial_undead_a, serial_undead_f,
          nicolae_for_you_no_charge
D:7:      black_bear_nest_1, zin_purify, bloody_trog
D:8:      makhleb_heckhound_becter, nicolae_overflow_hidden_temple,
          hangedman_ranch, uniq_joseph
D:9:      erik_lair_dragon
D:10:     nicolae_trove_entry_diagonal, minmay_misc_feat_more_columns,
          nicolae_ru_sacrificial_ziggurat
D:12:     cheibrodos_shockbox, orc_0_dummy, minivault_8
D:14:     erik_vaults_2, hangedman_decor_points, uniq_agnes, uniq_urug
D:15:     hangedman_depths_entry_civil_slaughter, tso_altar, serial_curves,
          eino_curves_03, eino_curves_03, eino_curves_03, eino_curves_02,
          minmay_st_funbox
Temple:   compressed_dpeg_triangle_lava_temple
Lair:1:   lemuel_ratsnest, tgw_fedhas
Lair:2:   minmay_shoals_entry_beasts, grunt_megastairs_5
Lair:3:   guppyfry_snake_entry_garden, kennysheep_snail_temple, uniq_nergalle
Lair:4:   basic_altar, beast_lair_carwin_10
Lair:6:   wormcave, hangedman_lair_in_review, slime_altar_1, uniq_kirke,
          uniq_snorg
Snake:1:  serial_shops, bzr_in_the_mist, uniq_azrael, uniq_rupert, uniq_roxanne
Snake:2:  uniq_asterion, uniq_aizul, uniq_vashnia
Orc:1:    serial_shops, shop, uniq_harold
Orc:2:    kennysheep_orc_mage_school, serial_shops, bzr_entry_dummy, shop,
          shop_fountains, nicolae_shop_behind_doors, shop, elves_outpost_lemuel
Bazaar:   bazaar_kb_twisted_cavern, bazaar_short_row

Skill      XL: |  1  2  3  4  5  6  7  8  9 10 11 12 13 14 15 16 |
---------------+-------------------------------------------------+-----
Axes           | 3 4 5 6 8 9 10 11 15 | 15.7
Armour         | 6 9 11 | 11.4
Invocations    | 7 11 | 11.2
Fighting       | 6 10 12 13 15 | 15.8
Slings         | 3 5 |  5.0
Shields        | 5 7 |  7.5
Dodging        | 2 6 |  6.0
Throwing       | 3 4 |  4.4
Evocations     | 4 9 11 | 11.2
Long Blades    | 8 9 |  9.2
Staves         | 6 |  6.9
Crossbows      | |  0.3

Action                   |  1- 3 |  4- 6 |  7- 9 | 10-12 | 13-15 | 16-18 || total
-------------------------+-------+-------+-------+-------+-------+-------++-------
Melee: War axe           |    74 |   157 |   492 |   845 |  1432 |     3 ||  3003
       Scimitar          |       |       |       |       |    17 |     2 ||    19
       Battleaxe         |       |       |       |       |       |   238 ||   238
       Lajatang          |       |       |       |       |       |   178 ||   178
 Fire: Hunting sling     |     2 |       |       |    30 |    40 |       ||    72
       Hand crossbow     |       |       |     9 |       |       |       ||     9
Throw: Tomahawk          |       |       |     1 |     6 |    59 |       ||    66
       Javelin           |       |       |       |       |     7 |    24 ||    31
Invok: Upheaval          |       |       |       |    15 |    19 |    10 ||    44
       Disaster Area     |       |       |       |       |       |     1 ||     1
 Abil: Evoke Berserk Rag |       |     4 |     1 |     6 |     2 |       ||    13
Evoke: Wand              |       |       |       |    11 |     4 |     3 ||    18
       Disc of storms    |       |       |       |       |       |    41 ||    41
  Use: Potion            |     1 |     2 |       |     4 |     6 |     3 ||    16
       Scroll            |     1 |     2 |     8 |    10 |    19 |    10 ||    50
  Eat: Chunk             |       |     7 |    19 |    37 |    58 |    42 ||   163
       Beef jerky        |       |       |     1 |     1 |     1 |       ||     3
       Fruit             |       |       |       |     2 |       |       ||     2
       Bread ration      |       |       |       |     1 |       |       ||     1
       Pizza             |       |       |       |     1 |       |       ||     1
       Meat ration       |       |       |       |       |       |     1 ||     1
Armor: Scale mail        |    49 |    59 |       |       |       |       ||   108
       Plate armour      |       |       |   235 |       |       |       ||   235
       Ring mail         |       |       |    64 |   322 |   294 |   192 ||   872
Dodge: Dodged            |    29 |    65 |   112 |   257 |   300 |   223 ||   986
       Deflected         |       |       |       |       |     2 |    16 ||    18
Block: Shield            |    36 |    91 |   235 |   578 |  1060 |     2 ||  2002
       Other             |       |       |       |       |       |   117 ||   117
